 Dungeon Crawl Stone Soup version 0.22-a0-161-g198051c (webtiles) character file.

873 solxrula the Cudgeler (level 7, -1/71 HPs)
             Began as a Troll Berserker on Feb 10, 2018.
             Was an Elder of Trog.
             Slain by an ogre
             ... wielding a cursed -3 giant club
              (12 damage)
             ... on level 7 of the Dungeon on Feb 11, 2018.
             The game lasted 00:14:48 (4610 turns).

solxrula the Cudgeler (Troll Berserker)             Turns: 4610, Time: 00:14:48

Health: -1/71      AC:  5    Str: 28    XL:     7   Next: 74%
Magic:  6/6        EV: 10    Int:  1    God:    Trog [****..]
Gold:   287        SH:  0    Dex:  9    Spells: 6/6 levels left

rFire    . . .     SeeInvis +   a - +3 war axe (elec)
rCold    . . .     Gourm    +   (no shield)
rNeg     . . .     Faith    .   l - +0 animal skin
rPois    .         Spirit   .   (helmet restricted)
rElec    +         Reflect  .   (no cloak)
rCorr    .         Harm     .   (gloves unavailable)
MR       .....                  (boots unavailable)
Stlth    +.........             (no amulet)
HPRegen  0.61/turn              m - ring of see invisible
MPRegen  0.10/turn              p - +2 ring of dexterity

@: about to teleport, berserk cooldown, slowed, very slow
A: large, unfitting armour, claws 3, clumsy 1, dopey 1, fast metabolism 3,
gourmand, regeneration 1, shaggy fur 1, electricity resistance, tough skin 2
a: Berserk, Trog's Hand, Brothers in Arms, Burn Spellbooks, Renounce Religion


You were on level 7 of the Dungeon.
You worshipped Trog.
Trog was greatly pleased with you.
You were not hungry.

You visited 1 branch of the dungeon, and saw 7 of its levels.

You collected 287 gold pieces.

Inventory:

Hand Weapons
 a - a +3 war axe of electrocution (weapon)
 b - a +0 mace
Missiles
 w - 89 stones (quivered)
Armour
 l - a +0 animal skin (worn)
Jewellery
 m - a ring of see invisible (left claw)
 p - a +2 ring of dexterity (right claw)
Wands
 o - a wand of paralysis (6)
Scrolls
 e - 2 scrolls of fog
 f - a scroll of teleportation
 h - 4 scrolls of identify
 j - 2 scrolls of remove curse
 n - 2 scrolls of fear
Potions
 d - 2 potions of lignification
 g - 2 potions of curing
 i - a potion of resistance
Books
 k - a book of Misfortune

   Spells                             Type                      Level
   a - Confusing Touch                Hexes                        1
   b - Confuse                        Hexes                        3
   c - Gell's Gravitas                Translocation                3
   d - Petrify                        Transmutation/Earth          4
   e - Metabolic Englaciation         Hexes/Ice                    5
   f - Yara's Violent Unravelling     Hexes/Transmutation          5
   Trog disapproves of the use of such an item.
Comestibles
 c - 6 rations
 q - 5 chunks of flesh


   Skills:
 + Level 4.4 Fighting
 + Level 4.5(5.5) Axes
 + Level 5.3(6.3) Maces & Flails
 - Level 2.4 Dodging


You had 6 spell levels left.
You didn't know any spells.

Dungeon Overview and Level Annotations

Branches:
Dungeon (7/15)
 Temple: D:4-7

Altars:
Ashenzari
Dithmenos
Fedhas
Hepliaklqana
Ru
Sif Muna
Trog


Innate Abilities, Weirdness & Mutations

You are too large for most types of armour.
You have claws for hands.
Your metabolism is lightning-fast.
You like to eat raw meat.
Your natural rate of healing is unusually fast.
You are covered in fur. (AC +1)
You have very tough skin. (AC +2)
You are clumsy. (Dex -2)
You are dopey. (Int -2)
You are resistant to electric shocks. (rElec)


Message History

a dagger; a robe; a leopard gecko corpse
Things that are here:
a flail; an orc skeleton The ogre barely misses you.
The ogre hits you with a giant club!!
There is a stone staircase leading down, spattered with blood here.
You can't go up here!
The ogre hits you with a giant club!
* * * LOW HITPOINT WARNING * * *
You climb downwards.
There is a stone staircase leading up here.
You barely miss the ogre. The ogre barely misses you.
You hit the ogre but do no damage. Lightning courses through the ogre!
The ogre is moderately wounded.
The ogre hits you with a giant club!
* * * LOW HITPOINT WARNING * * *
The ogre barely misses you.
As you read the scroll of teleportation, it crumbles to dust.
You feel strangely unstable. The ogre hits you with a giant club!
You die...

.. ...
....
######....
#.........
#.........
#.........
#.@O......
######....
.


You could see an ogre.

Vanquished Creatures
  Eustachio (D:5)
  Duvessa (D:5)
  A centaur (D:5)
  Dowan (D:5)
  2 hounds
  An orc priest (D:6)
  A centaur skeleton (D:4)
  An orc wizard (D:6)
  2 iguanas
  2 worker ants
  A killer bee zombie (D:5)
  A hound skeleton (D:5)
  Robin (D:2)
  6 adders
  2 oozes
  5 worms
  5 dart slugs
  5 leopard geckos
  5 orcs
  5 giant cockroaches
  18 goblins
  12 hobgoblins
  7 jackals
  10 kobolds
  A quokka (D:4)
  3 ball pythons
  8 bats
  6 frilled lizards
  10 rats
124 creatures vanquished.

Notes
Turn   | Place    | Note
-------+----------+-------------------------------------------
     0 | D:1      | solxrula the Troll Berserker began the quest for the Orb.
     0 | D:1      | Reached XP level 1. HP: 22/22 MP: 0/0
   156 | D:1      | Reached skill level 3 in Maces & Flails
   156 | D:1      | Reached XP level 2. HP: 19/29 MP: 1/1
   663 | D:1      | Reached XP level 3. HP: 31/36 MP: 2/2
   922 | D:2      | Found a faded altar of an unknown god.
   981 | D:2      | Reached ** piety under Trog
  1005 | D:2      | Noticed Robin
  1017 | D:2      | Killed Robin
  1017 | D:2      | Reached skill level 4 in Maces & Flails
  1017 | D:2      | Reached XP level 4. HP: 45/45 MP: 3/3
  1235 | D:2      | Reached XP level 5. HP: 7/53 MP: 4/4
  1718 | D:2      | Reached *** piety under Trog
  1836 | D:2      | Found a blossoming altar of Fedhas.
  1836 | D:2      | Found a deep blue altar of Sif Muna.
  1850 | D:2      | Gained mutation: You are dopey. (Int -2) [potion of mutation]
  1850 | D:2      | Gained mutation: You are clumsy. (Dex -2) [potion of mutation]
  1850 | D:2      | Gained mutation: You are resistant to electric shocks. (rElec) [potion of mutation]
  1957 | D:3      | Found a shadowy altar of Dithmenos.
  2334 | D:3      | Reached skill level 5 in Maces & Flails
  2570 | D:4      | Reached XP level 6. HP: 62/62 MP: 5/5
  2949 | D:4      | Reached skill level 1 in Axes
  3448 | D:5      | Entered Level 5 of the Dungeon
  3532 | D:5      | Noticed Duvessa
  3533 | D:5      | Noticed Dowan
  3539 | D:5      | Killed Duvessa
  3551 | D:5      | Reached XP level 7. HP: 70/70 MP: 6/6
  3559 | D:5      | Killed Dowan
  3632 | D:5      | Reached **** piety under Trog
  3733 | D:5      | Found a sacrificial altar of Ru.
  3733 | D:5      | Found a hazy altar of Hepliaklqana.
  3755 | D:5      | Found a bloodstained altar of Trog.
  4088 | D:5      | Noticed Eustachio
  4101 | D:5      | Killed Eustachio
  4379 | D:5      | Found a shattered altar of Ashenzari.
  4571 | D:6      | Upgraded the game from 0.22-a0-159-g7ce444f to 0.22-a0-161-g198051c
  4610 | D:7      | Slain by an ogre

Vault maps used:
D:1:      elethiomel_arrival_maze, roderic_roman_lattice
D:2:      gammafunk_temple_overflow_elements, chequers_ecumenical_altar_lobes,
          grunt_ministairs_15, minmay_joined_circles, uniq_robin
D:3:      grunt_dithmenos_smoke, first_ration
D:4:      hangedman_decor_opposing
D:5:      grunt_temple_overflow_open, lemuel_round_altar, basic_altar,
          uniq_duvessa, uniq_eustachio
D:6:      kennysheep_mini, gup_sewer_entry_bubbles, uniq_edmund
D:7:      minmay_temple_entry_junction_2, uniq_menkaure, uniq_pikel,
          uniq_prince_ribbit1

Skill      XL: |  1  2  3  4  5  6  7 |
---------------+----------------------+-----
Maces & Flails | 3 4 5 |  5.3
Fighting       | 3 4 |  4.4
Axes           | 2 4 |  4.5
Dodging        | |  2.4

Action                   |  1- 3 |  4- 6 |  7- 9 || total
-------------------------+-------+-------+-------++-------
Melee: Mace              |   137 |   140 |       ||   277
       War axe           |       |    85 |    42 ||   127
Throw: Stone             |       |       |     5 ||     5
Invok: Berserk           |     1 |     1 |     2 ||     4
  Use: Scroll            |     6 |     6 |     2 ||    14
       Potion            |       |     4 |     1 ||     5
 Stab: Sleeping          |       |     1 |       ||     1
  Eat: Chunk             |    15 |    19 |     4 ||    38
       Ration            |       |     1 |     1 ||     2
Armor: Animal skin       |    42 |    93 |    11 ||   146
Dodge: Dodged            |    68 |   109 |    22 ||   199

Table legend:
 A = Spawn XP
 B = Non-spawn XP
 C = Spawn XP percentage of total XP
 D = Spawn monster count
 E = Non-spawn monster count
 F = Spawn count percentage of total count
 G = Total turns spent on level
                    A         B        C        D         E        F      G
               +---------+---------+-------+---------+---------+-------+---------
         Total |       0 |    1248 |   0.0 |       0 |     124 |   0.0 |  4610
               +---------+---------+-------+---------+---------+-------+---------
           D:1 |       0 |      50 |   0.0 |       0 |      24 |   0.0 |   854
           D:2 |       0 |     206 |   0.0 |       0 |      52 |   0.0 |  1013
           D:3 |       0 |      85 |   0.0 |       0 |      20 |   0.0 |   476
           D:4 |       0 |      88 |   0.0 |       0 |       6 |   0.0 |  1105
           D:5 |       0 |     686 |   0.0 |       0 |      14 |   0.0 |  1100
           D:6 |       0 |     133 |   0.0 |       0 |       8 |   0.0 |    59
               +---------+---------+-------+---------+---------+-------+---------
